 Dungeon Crawl Stone Soup version 0.27-a0-396-g03f4e8edb7 (webtiles) character file.

Game seed: 18035923207488167283

47635 Morbidden the Thaumaturge (level 13, -5/105 HPs)
             Began as a Demigod Air Elementalist on Feb 21, 2021.
             Splashed by a brown ugly thing's acid (8 damage)
             ... on level 14 of the Dungeon.
             The game lasted 00:47:00 (27737 turns).

Morbidden the Thaumaturge (DgAE)                   Turns: 27737, Time: 00:47:01

Health: -5/105     AC:  1    Str: 11    XL:     13   Next: 72%
Magic:  33/42      EV: 16    Int: 33    God:
Gold:   777        SH:  5    Dex: 14    Spells: 14/35 levels left

rFire    . . .     SeeInvis +   a - +8 demon trident (venom)
rCold    + . .     Faith    .   u - +0 buckler
rNeg     . . .     Spirit   .   I - +2 robe {Archmagi}
rPois    .         Reflect  .   (no helmet)
rElec    .         Harm     .   C - +0 cloak
rCorr    .         Rampage  .   e - +0 pair of gloves
Will     +....                  A - +2 pair of boots
Stlth    ++........             m - amulet of the Bull {rC+ Regen+ Str+2 SInv}
HPRegen  1.27/turn              G - ring of wizardry
MPRegen  0.28/turn              p - ring of magical power

@: corroded
A: high mp 1
a: no special abilities


You were on level 14 of the Dungeon.
You visited 1 branch of the dungeon, and saw 15 of its levels.
You also visited: Sewer.

You collected 977 gold pieces.
You spent 200 gold pieces at shops.

Inventory:

Hand Weapons
 a - a +8 demon trident of venom (weapon)
Missiles
 D - 3 curare-tipped darts
Armour
 e - a +0 pair of gloves (worn)
 u - a +0 buckler (worn)
 A - a +2 pair of boots (worn)
 C - a +0 cloak (worn)
 I - a +2 robe of the Archmagi (worn)
 J - a +0 troll leather armour
Jewellery
 k - a ring of protection from cold
 m - the amulet of the Bull (around neck) {rC+ Regen+ Str+2 SInv}
   (You found it on level 13 of the Dungeon)

   [amulet of regeneration]

   It affects your strength (+2).
   It protects you from cold.
   It lets you see invisible.
   It increases your rate of regeneration.
 p - a ring of magical power (right hand)
 q - a ring of wizardry
 r - a ring of poison resistance
 s - a ring of fire
 t - a ring of ice
 F - a ring of positive energy
 G - a ring of wizardry (left hand)
Wands
 f - a wand of mindburst (8)
 w - a wand of digging (11)
 z - a wand of flame (20)
 B - a wand of iceblast (21)
 H - a wand of acid (8)
 N - a wand of paralysis (7)
Scrolls
 g - a scroll of amnesia
 i - a scroll of noise
 n - 2 scrolls of enchant armour
 o - 4 scrolls of magic mapping
 v - a scroll of teleportation
 y - 2 scrolls of immolation
 E - a scroll of vulnerability
 M - 2 scrolls of fear
 O - 2 scrolls of identify
 P - a scroll of enchant weapon
Potions
 b - 15 potions of curing
 c - 2 potions of cancellation {unknown}
 d - a potion of heal wounds
 h - 3 potions of flight
 j - 4 potions of brilliance
 l - 2 potions of degeneration
 x - 5 potions of mutation
 K - a potion of might
 L - a potion of attraction {unknown}


   Skills:
 * Level 7.5 Fighting
 - Level 2.2 Short Blades
 + Level 2.5 Polearms
 + Level 2.5 Armour
 * Level 7.9 Dodging
 + Level 3.0 Stealth
 + Level 4.0 Shields
 * Level 11.6 Spellcasting
 * Level 7.4 Conjurations
 * Level 11.1 Air Magic
 + Level 3.3 Poison Magic
 * Level 4.8 Evocations


You had 14 spell levels left.
You knew the following spells:

 Your Spells              Type           Power        Failure   Level
a - Airstrike             Air            48%          1%          4
b - Static Discharge      Conj/Air       88%          1%          3
c - Shock                 Conj/Air       100%         1%          1
d - Lightning Bolt        Conj/Air       44%          1%          5
e - Olgreb's Toxic Radia  Pois           57%          2%          4
f - Manifold Assault      Tloc           28%          10%         4

Your spell library contained the following spells:

 Spells                   Type           Power        Failure   Level
 Foxfire                  Conj/Fire      100%         1%          1
 Pain                     Necr           100%         1%          1
 Sting                    Tmut/Pois      100%         1%          1
 Blink                    Tloc           N/A          1%          2
 Call Imp                 Summ           28%          1%          2
 Poisonous Vapours        Pois/Air       100%         1%          2
 Swiftness                Air            96%          1%          2
 Conjure Flame            Conj/Fire      60%          1%          3
 Ignite Poison            Fire/Tmut/Pois 39%          1%          3
 Mephitic Cloud           Conj/Pois/Air  79%          1%          3
 Iskenderun's Battlesphe  Conj           80%          1%          5
 Sticky Flame             Conj/Fire      60%          2%          4
 Silence                  Hex/Air        35%          2%          5
 Call Canine Familiar     Summ           28%          3%          3
 Gell's Gravitas          Tloc           14%          3%          3
 Inner Flame              Hex/Fire       28%          3%          3
 Lesser Beckoning         Tloc           14%          3%          3
 Teleport Other           Tloc           28%          3%          3
 Vampiric Draining        Necr           14%          3%          3
 Fireball                 Conj/Fire      30%          6%          5
 Irradiate                Conj/Tmut      30%          6%          5
 Cause Fear               Hex            14%          10%         4
 Bolt of Magma            Conj/Fire/Erth 26%          10%         5
 Borgnjor's Vile Clutch   Necr/Erth      14%          26%         5
 Yara's Violent Unravell  Hex/Tmut       14%          26%         5
 Iron Shot                Conj/Erth      30%          32%         6
 Orb of Destruction       Conj           40%          34%         7
 Death Channel            Necr           14%          80%         6
 Hydra Form               Tmut           14%          80%         6
 Statue Form              Tmut/Erth      18%          80%         6
 Spellforged Servitor     Conj/Summ      30%          85%         7
 Dragon Form              Tmut           14%          100%        7
 Discord                  Hex            14%          100%        8


Dungeon Overview and Level Annotations

Branches:
Dungeon (15/15)            Temple (0/1) D:7            Lair (0/6) D:10
    Orc (0/2) D:12         Vaults (0/5) D:14          Sewer (visited)
 Depths: D:15

Shops:
D:4 =   D:10 =

Annotations:
D:6 2 transporters, wub's ghost, amateur MiBe
D:9 1 transporter, CryoSword's ghost, novice DDMo


Innate Abilities, Weirdness & Mutations

You have an increased reservoir of magic. (+10% MP)


Message History

You are struck by an arc of lightning.
The brown ugly thing is struck by an arc of lightning.
The brown ugly thing is moderately wounded.
You are struck by an arc of lightning.
The lightning grounds out.
The brown ugly thing is struck by an arc of lightning!
The brown ugly thing is heavily wounded.
You are struck by an arc of lightning.
The brown ugly thing is struck by an arc of lightning!
The brown ugly thing is severely wounded.
You are struck by an arc of lightning.
The lightning grounds out.
The white ugly thing tail-slaps you. The white ugly thing freezes you!
You resist.
* * * LOW HITPOINT WARNING * * *
The brown ugly thing gores you but does no damage.
The white ugly thing closely misses you.
The brown ugly thing barely misses you.
Casting: Static Discharge (safe; 1% risk of failure)
Confirm with . or Enter, or press ? or * to list all spells.
You feel a surge of power!
The white ugly thing is struck by an arc of lightning!
The white ugly thing is severely wounded.
You are struck by an arc of lightning.
* * * LOW HITPOINT WARNING * * *
The white ugly thing is struck by an arc of lightning.
The white ugly thing is severely wounded.
The lightning grounds out.
The brown ugly thing is struck by an arc of lightning.
The brown ugly thing is severely wounded.
You are struck by an arc of lightning.
* * * LOW HITPOINT WARNING * * *
The brown ugly thing is struck by an arc of lightning.
The brown ugly thing is severely wounded.
You are struck by an arc of lightning.
* * * LOW HITPOINT WARNING * * *
The lightning grounds out.
The white ugly thing closely misses you.
The brown ugly thing gores you!
* * * LOW HITPOINT WARNING * * *
The acid corrodes you!
You are splashed with acid!
You die...

........# #....###..#.≈...#..
........# #....# #.##.######.
........# #....# #..#.....#..
........# #....###.##'######.
........# #......)..#.#.#.#..
#####"### #....##.....[.....)
#####.# ########.#..............
......####....###.#.########.####
.........'.....u@.#.....<....))..
##########....##.u######.########
........##....##.....#....#...).)
........########.....#.#..#..#)##
........## #.)...#.#..#......
.........# #.....#.####......
.........# #.(........#...###
#####..).########....##.#.#......
....#.............##....#.#.#.###


You could see 2 ugly things.

Vanquished Creatures
  Jorgrun (D:12)
  Azrael (D:14)
  Snorg (D:14)
  A fire dragon (D:8)
  5 hydras
  2 vault guards (D:14)
  2 boulder beetles
  3 centaur warriors
  3 two-headed ogres
  Urug (D:10)
  3 unseen horrors
  Pikel (D:6)
  2 necromancers (D:14)
  A deep elf pyromancer (D:14)
  A wolf spider zombie (D:15)
  4 cyclopes
  10 ugly things
  2 manticores
  Joseph (D:10)
  Maurice (D:11)
  3 gargoyles
  Maggie (D:6)
  Psyche (D:9)
  A yaktaur (D:14)
  A tengu conjurer (D:14)
  2 efreet (D:14)
  A redback zombie (D:14)
  A meliai (D:8)
  Prince Ribbit (D:7)
  7 trolls
  Grinder (D:3)
  2 vampires
  2 wraiths
  11 yaks
  19 humans (D:14)
  2 wyverns
  A basilisk (D:15)
  4 fire elementals (D:14)
  2 acid dragons
  A soldier ant (D:15)
  4 hell hounds (D:14)
  2 water moccasins
  16 orc warriors
  A black bear (shapeshifter) (D:14)
  6 sky beasts
  3 black bears
  7 ice beasts
  14 ogres
  2 wolves
  5 centaurs
  2 lemures (D:6)
  5 kobold brigands
  3 phantoms
  10 bullfrogs
  3 gnoll sergeants
  5 scorpions
  7 killer bees
  7 electric eels
  13 wights
  3 howler monkeys
  3 bullfrog zombies
  3 centaur zombies
  11 hounds
  2 jellies
  5 centaur skeletons
  2 bullfrog skeletons
  10 orc priests
  4 iguanas
  18 orc wizards
  A statue (D:9)
  13 worker ants
  A hound zombie (D:10)
  4 hound skeletons
  2 howler monkey skeletons
  11 gnolls
  4 river rats (Sewer)
  14 adders
  A shadow imp (D:9)
  3 white imps
  2 ufetubi
  An ooze (D:7)
  An adder zombie (D:9)
  2 adder skeletons
  3 worms
  3 dart slugs
  11 leopard geckos
  74 orcs
  6 bats
  11 giant cockroaches
  7 goblins
  10 hobgoblins
  17 jackals
  9 quokkas
  4 ball pythons (Sewer)
  6 frilled lizards
  A giant cockroach zombie (D:4)
  A jackal skeleton (D:7)
  27 kobolds
  A leopard gecko skeleton (D:6)
  A quokka zombie (D:5)
  33 rats
571 creatures vanquished.

Vanquished Creatures (others)
  A redback zombie (D:14)
  A yak (D:14)
  A floating eye (D:14)
  A wyvern simulacrum (D:14)
  A jelly (D:14)
5 creatures vanquished.

Grand Total: 576 creatures vanquished

Notes
Turn   | Place    | Note
-------+----------+-------------------------------------------
     0 | D:1      | Morbidden the Demigod Air Elementalist began the quest for
                  | the Orb.
     0 | D:1      | Reached XP level 1. HP: 14/14 MP: 5/5
   307 | D:1      | Reached XP level 2. HP: 20/20 MP: 4/7
   459 | D:1      | Reached skill level 1 in Conjurations
  1411 | D:2      | Reached XP level 3. HP: 20/26 MP: 6/8
  1626 | D:2      | Learned a level 3 spell: Static Discharge
  2401 | D:3      | Reached XP level 4. HP: 17/34 MP: 4/10
  2437 | D:3      | Found a glowing golden altar of the Shining One.
  2536 | D:3      | Reached skill level 1 in Fighting
  2636 | D:3      | Found a glowing drain.
  2637 | D:3      | Reached skill level 1 in Armour
  2637 | D:3      | Reached XP level 5. HP: 26/40 MP: 8/11
  2663 | Sewer    | Entered a sewer
  3102 | Sewer    | Reached skill level 1 in Short Blades
  3570 | Sewer    | Reached XP level 6. HP: 48/48 MP: 6/12
  5043 | D:3      | Noticed Grinder
  5054 | D:3      | Killed Grinder
  5055 | D:3      | Reached XP level 7. HP: 40/55 MP: 5/15
  5897 | D:4      | Found a broken altar of Ashenzari.
  6361 | D:4      | Got a scorched war axe
  6362 | D:4      | Identified the +3 war axe of Pynejeb {venom, rC- Int+5
                  | Stlth+} (You found it on level 4 of the Dungeon)
  6474 | D:4      | Found Qetriuso's Jewellery Shoppe.
  6478 | D:4      | Bought a ring of magical power for 200 gold pieces
  7342 | D:4      | Found an iron altar of Okawaru.
  7373 | D:5      | Entered Level 5 of the Dungeon
  7450 | D:5      | Found a stormy altar of Qazlal.
  7473 | D:5      | Learned a level 4 spell: Airstrike
  7504 | D:5      | Reached skill level 5 in Air Magic
  7504 | D:5      | Reached XP level 8. HP: 58/63 MP: 12/17
  7820 | D:5      | Found a glowing silver altar of Zin.
  8067 | D:5      | Reached skill level 1 in Shields
  8511 | D:5      | Identified the +7 hunting sling of Popular Demand {vorpal,
                  | *Contam *Corrode rF+++ Int+7} (You found it on level 5 of
                  | the Dungeon)
  9032 | D:6      | Noticed Maggie
  9057 | D:6      | Killed Maggie
  9058 | D:6      | Reached skill level 5 in Spellcasting
  9304 | D:6      | Reached XP level 9. HP: 64/71 MP: 9/20
  9461 | D:6      | Found a transporter.
  9492 | D:6      | Noticed wub's ghost (amateur MiBe)
  9495 | D:6      | Noticed a two-headed ogre
  9497 | D:6      | Found a transporter.
  9691 | D:6      | Noticed Pikel
  9694 | D:6      | Killed Pikel
  9803 | D:6      | Found a glowing silver altar of Zin.
 10234 | D:6      | Found an opulent altar of Gozag.
 11051 | D:7      | Found a staircase to the Ecumenical Temple.
 11286 | D:7      | Learned a level 5 spell: Lightning Bolt
 11606 | D:7      | Noticed Prince Ribbit
 11610 | D:7      | Killed Prince Ribbit
 11611 | D:7      | Reached skill level 5 in Dodging
 11870 | D:8      | Found an ornate altar of the Wu Jian Council.
 11870 | D:8      | Found an iron altar of Okawaru.
 11879 | D:8      | Reached skill level 5 in Conjurations
 11905 | D:8      | Noticed a fire dragon
 12026 | D:8      | Noticed a cyclops
 12031 | D:8      | Found an ornate altar of the Wu Jian Council.
 12057 | D:8      | Killed a cyclops
 12058 | D:8      | Reached XP level 10. HP: 76/80 MP: 9/23
 12652 | D:8      | Reached skill level 5 in Fighting
 12886 | D:8      | Killed a fire dragon
 13046 | D:8      | Found a hazy altar of Hepliaklqana.
 13663 | D:9      | Found a transporter.
 13663 | D:9      | Found a transporter.
 13663 | D:9      | Noticed CryoSword's ghost (novice DDMo)
 14153 | D:9      | Noticed Psyche
 14157 | D:9      | Killed Psyche
 14627 | D:9      | Found a radiant altar of Vehumet.
 14634 | D:9      | Learned a level 4 spell: Olgreb's Toxic Radiance
 15479 | D:9      | Found a sparkling altar of Nemelex Xobeh.
 15479 | D:9      | Found a blossoming altar of Fedhas.
 15582 | D:10     | Entered Level 10 of the Dungeon
 15582 | D:10     | Noticed Joseph
 15587 | D:10     | Killed Joseph
 16368 | D:10     | Reached XP level 11. HP: 81/89 MP: 21/27
 16685 | D:10     | Reached skill level 1 in Poison Magic
 16808 | D:10     | Found Hokadd's Jewellery Boutique.
 16908 | D:10     | Noticed Urug
 16915 | D:10     | Killed Urug
 17288 | D:10     | Found a staircase to the Lair.
 18025 | D:11     | Noticed Maurice
 18030 | D:11     | Killed Maurice
 18354 | D:11     | Killed an unseen horror
 18895 | D:12     | Noticed a two-headed ogre
 18896 | D:12     | Noticed Jorgrun
 18938 | D:12     | Noticed a six-headed hydra
 19373 | D:12     | Killed a two-headed ogre
 19565 | D:12     | Noticed a five-headed hydra
 19571 | D:12     | Killed a five-headed hydra
 19680 | D:12     | Noticed a five-headed hydra
 19701 | D:12     | Killed a five-headed hydra
 19810 | D:12     | Killed a six-headed hydra
 19835 | D:12     | Found a staircase to the Orcish Mines.
 20132 | D:12     | HP: 1/135 [Jorgrun/iron shot (10)]
 20137 | D:12     | HP: 1/135 [Jorgrun/staff of earth (1)]
 20151 | D:12     | Killed Jorgrun
 20152 | D:12     | Reached skill level 1 in Polearms
 20152 | D:12     | Reached skill level 1 in Evocations
 20152 | D:12     | Reached XP level 12. HP: 46/97 MP: 23/30
 20884 | D:13     | Noticed a centaur warrior
 21186 | D:13     | Killed a centaur warrior
 21361 | D:13     | Noticed an eight-headed hydra
 21365 | D:13     | Killed an eight-headed hydra
 21366 | D:13     | Reached skill level 10 in Spellcasting
 21564 | D:13     | Noticed a boulder beetle
 21576 | D:13     | Killed a boulder beetle
 21577 | D:13     | Reached skill level 10 in Air Magic
 21677 | D:13     | Noticed a centaur warrior
 21682 | D:13     | Killed a centaur warrior
 21830 | D:13     | Noticed a four-headed hydra
 21836 | D:13     | Killed a four-headed hydra
 22420 | D:13     | Got a wavering sapphire amulet
 22541 | D:13     | Got a fading ring mail
 22552 | D:13     | Identified the +5 ring mail "Opeawo" {Str+2} (You found it
                  | on level 13 of the Dungeon)
 23145 | D:14     | Noticed a centaur warrior
 23470 | D:14     | Noticed Azrael
 23478 | D:14     | Killed Azrael
 23891 | D:14     | Noticed a boulder beetle
 23912 | D:14     | Killed a boulder beetle
 23913 | D:14     | Reached XP level 13. HP: 41/105 MP: 2/32
 24161 | D:14     | Identified the amulet of the Bull {rC+ Regen+ Str+2 SInv}
                  | (You found it on level 13 of the Dungeon)
 24377 | D:14     | Noticed Snorg
 25239 | D:14     | Found a roughly hewn altar of Beogh.
 25696 | D:14     | Killed Snorg
 26379 | D:14     | Found a gate to the Vaults.
 26423 | D:14     | Learned a level 4 spell: Manifold Assault
 26793 | D:15     | Entered Level 15 of the Dungeon
 26823 | D:15     | Identified Lucod's Incunabulum of Evil Slavery
 27737 | D:14     | HP: 3/105 [brown ugly thing (17)]
 27737 | D:14     | Splashed by a brown ugly thing's acid

Illustrated notes

Levels and vault maps discovered:
D:1:      erik_arrival_orb_chamber, layout_basic
D:2:      layout_rooms, grunt_decor_arrowhead
D:3:      layout_basic, lemuel_crystal_altar, gup_sewer_entry_pipe, uniq_grinder
D:4:      minmay_wonky_spiral, layout_layer_cave, nicolae_ashenzari_panopticon,
          okawaru_altar_gauntlet_db, serial_shops, shop
D:5:      minmay_razor_zed, layout_rooms, grunt_qazlal_clouds, basic_altar
D:6:      layout_cave_pools, pdpol_temple_overflow_zin_treasury_gozag_greed,
          gammafunk_ghost_smash, nrook_loot_triangle, st_stairs_4, uniq_pikel,
          uniq_maggie
D:7:      layout_loops_ring, minmay_temple_entry_statues_pillars,
          minmay_between, uniq_prince_ribbit1
D:8:      layout_loops_ring, lemuel_crystal_altar, overflow_temple_1_default,
          jmf_multi_god_temple
D:9:      minmay_chambers_of_sixes, layout_stronghold, vehumet_statue,
          amethyst_overflow_temple_binary, gammafunk_ghost_hive,
          hangedman_decor_riveting, uniq_psyche
D:10:     layout_loops_corners, erik_lair_island, serial_shops, shop,
          uniq_joseph, uniq_urug
D:11:     layout_roguey, uniq_maurice
D:12:     layout_basic, kennysheep_orc_monster_closet_entryway, uniq_jorgrun
D:13:     layout_basic
D:14:     layout_basic, grunt_vaults_entry_tiered, special_room
          [special_room_orc], moated_statue, onia_ninara_cookie, uniq_snorg,
          uniq_azrael
D:15:     grunt_enter_depths_snipers, layout_loops_corners, minivault_27

Skill      XL: |  1  2  3  4  5  6  7  8  9 10 11 12 13 |
---------------+----------------------------------------+-----
Dodging        | 2 3 4 5 6 7 |  7.9
Air Magic      | 3 4 5 7 8 9 10 11 | 11.1
Conjurations   | 1 2 3 4 5 6 7 |  7.4
Spellcasting   | 2 3 5 6 7 9 10 11 | 11.6
Stealth        | 2 3 |  3.0
Fighting       | 1 2 3 4 5 6 7 |  7.5
Armour         | 1 2 |  2.5
Short Blades   | 1 2 |  2.2
Shields        | 1 2 3 4 |  4.0
Poison Magic   | 2 3 |  3.3
Polearms       | 1 2 |  2.5
Evocations     | 1 3 4 |  4.8

Action                   |  1- 3 |  4- 6 |  7- 9 | 10-12 | 13-15 || total
-------------------------+-------+-------+-------+-------+-------++-------
Melee: Short sword       |    63 |   135 |    23 |       |       ||   221
       Dagger            |       |       |   121 |   150 |       ||   271
       Demon trident     |       |       |       |   105 |   128 ||   233
Throw: Dart              |       |       |     2 |       |       ||     2
 Cast: Shock             |    58 |   101 |   171 |       |     2 ||   332
       Static Discharge  |       |     7 |    35 |     9 |     7 ||    58
       Airstrike         |       |       |    61 |   358 |   101 ||   520
       Olgreb's Toxic Ra |       |       |       |    25 |    31 ||    56
       Lightning Bolt    |       |       |       |     6 |     6 ||    12
       Manifold Assault  |       |       |       |       |    10 ||    10
Evoke: Wand              |       |       |       |     1 |       ||     1
  Use: Potion            |       |     5 |       |    13 |       ||    18
       Scroll            |       |     7 |     2 |    19 |     2 ||    30
 Stab: Sleeping          |     3 |       |     3 |       |       ||     6
       Invisible         |       |       |       |     1 |       ||     1
Armor: Robe              |     5 |       |       |    69 |    41 ||   115
       Leather armour    |     8 |    61 |    19 |       |       ||    88
       Ring mail         |       |       |     8 |       |       ||     8
       Steam dragon scal |       |       |    20 |    33 |       ||    53
       Skin              |       |       |       |    44 |       ||    44
Dodge: Dodged            |    45 |   170 |   128 |   221 |    93 ||   657
Block: Buckler           |       |       |    24 |    74 |    35 ||   133

Table legend: (Time is in decaauts)
 A = Elapsed time spent in this place.
 B = Non-inter-level travel time spent in this place.
 C = Inter-level travel time spent in this place.
 D = Time resting spent in this place.
 E = Time spent auto-exploring this place.
 F = Levels seen in this place.
 G = Mean time per level.
                   A        B        C        D        E       F      G
               +--------+--------+--------+--------+--------+-----+--------+
         Total |  27835 |  27028 |    807 |   2217 |  21213 |  16 | 1739.7 |
       Dungeon |  26141 |  25334 |    807 |   2217 |  19741 |  15 | 1742.7 |
         Sewer |   1694 |   1694 |      0 |      0 |   1472 |   1 | 1694.0 |
               +--------+--------+--------+--------+--------+-----+--------+

Top non-repeatable levels by time:
    D:14: 4323 daAuts
     D:9: 2599 daAuts
    D:12: 2256 daAuts
     D:8: 1809 daAuts
     D:3: 1743 daAuts
     D:4: 1737 daAuts
   Sewer: 1694 daAuts
    D:13: 1688 daAuts
    D:10: 1652 daAuts
     D:5: 1593 daAuts
     D:1: 1406 daAuts
     D:7: 1376 daAuts
     D:6: 1352 daAuts
    D:11: 1027 daAuts
     D:2: 976 daAuts
